Map: [TLMC21] Taito Citadel

Players

LQDSKillous (SKillous) - Winner!

  • Race: Protoss Protoss
  • Spawn Location: 5:00

SpeCial

  • Race: Terran Terran
  • League: Grandmaster
  • Spawn Location: 11:00

VOD

Have the link to the VOD?

Description

Time

  • Played on: Oct. 12, 2025, 12:51 p.m.
  • Length: 7:48
Show
View Real Time Build Order
Export as new Build Order

LQDSKillous Protoss - Winner!

Build Orders: 1 Gate Expand, Blink Stalkers 

Get SALT Encoding   

  12  0:00  Probe  
  13  0:12  Probe  
  14  0:17  Pylon  
  14  0:24  Probe  
  15  0:32  Probe  
  15  0:36  Gateway  
  15  0:40  Probe  
  16  0:45  Assimilator  
  17  0:51  Probe  
  18  1:03  Probe  
  19  1:18  Nexus  
  19  1:28  Cybernetics Core  
  19  1:31  Probe  
  20  1:36  Assimilator  
  20  1:43  Probe  
  20  1:46  Pylon  
  21  1:52  Stalker  
  21  1:55  Probe  
  22  2:04  Warp Gate  
  22  2:07  Probe  
  25  2:19  Probe  
  25  2:21  Sentry  
  28  2:26  Probe  
  28  2:31  Shield Battery  
  28  2:32  Probe  
  28  2:34  Probe  
  28  2:35  Twilight Council  
  31  2:44  Probe, Stalker  
  31  2:49  Probe  
  35  2:53  Blink  
  35  2:55  Shield Battery  
  35  2:58  Probe  
  36  3:01  Probe  
  37  3:10  Probe  
  38  3:13  Probe  
  38  3:19  Pylon  
  39  3:23  Probe  
  38  3:27  Probe  
  38  3:29  Gateway  
  39  3:35  Probe  
  39  3:37  Probe  
  39  3:41  Robotics Facility  
  41  3:45  Probe  
  41  3:47  Probe  
  43  3:57  Probe  
  43  3:59  Probe  
  45  4:03  Stalker  
  45  4:09  Probe  
  48  4:10  Nexus  
  48  4:11  Probe  
  48  4:15  Pylon  
  50  4:24  Probe, Observer  
  50  4:26  Gateway  
  50  4:27  Probe  
  50  4:29  Gateway  
  52  4:35  Assimilator  
  52  4:36  Probe  
  53  4:40  Probe, Observer  
  55  4:48  Probe  
  55  4:51  Pylon  
  55  4:52  Probe, Stalker, Charge  
  59  4:55  Stalker  
  61  5:00  Probe  
  62  5:08  Gateway, Probe  
  62  5:09  Gateway, Observer  
  62  5:12  Probe  
  65  5:16  Probe  
  65  5:21  Warp Prism  
  66  5:23  Pylon  
  66  5:24  Probe x2  
  66  5:25  Dark Shrine  
  66  5:26  Probe  
  71  5:39  Stalker x2  
  73  5:43  Probe  
  73  5:47  Probe  
  73  5:49  Probe  
  76  5:52  Pylon  
  74  5:59  Observer  
  69  6:04  Stalker x3  
  69  6:05  Probe, Stalker  
  69  6:06  Probe  
  69  6:07  Probe  
  78  6:16  Probe  
  78  6:17  Probe  
  78  6:18  Probe  
  79  6:22  Gateway  
  79  6:23  Gateway  
  81  6:29  Probe  
  81  6:30  Zealot x3  
  81  6:31  Zealot  
  89  6:33  Probe  
  91  6:48  Dark Templar x2  
  95  7:00  Dark Templar  
  95  7:04  Zealot x2, Dark Templar  
  78  7:32  Dark Templar  
  78  7:33  Zealot x2, Dark Templar  
  78  7:34  Zealot x2  
Show
View Real Time Build Order
Export as new Build Order

SpeCial Terran 

Build Orders:  

Get SALT Encoding   

  12  0:00  SCV  
  13  0:12  SCV  
  14  0:17  Supply Depot  
  14  0:24  SCV  
  15  0:39  SCV  
  15  0:40  Barracks  
  16  0:43  Refinery  
  16  0:51  SCV  
  16  0:52  Refinery  
  17  1:03  SCV  
  18  1:15  SCV  
  19  1:28  Reaper, Orbital Command  
  19  1:29  Supply Depot  
  20  1:41  Factory  
  20  1:54  SCV  
  20  2:00  Reaper  
  22  2:06  SCV  
  23  2:15  Command Center  
  23  2:18  SCV  
  24  2:25  Hellion  
  26  2:30  SCV  
  26  2:32  Barracks Reactor  
  27  2:38  Starport  
  27  2:42  SCV  
  28  2:46  Supply Depot  
  28  2:49  Factory Tech Lab  
  28  2:53  Hyperflight Rotors  
  28  2:55  SCV  
  29  3:07  SCV  
  29  3:09  Marine x2  
  32  3:19  SCV  
  31  3:27  Marine x2  
  31  3:28  Orbital Command  
  31  3:31  SCV  
  31  3:32  Banshee  
  37  3:39  Bunker  
  37  3:43  SCV  
  37  3:45  Barracks  
  38  3:49  Marine x2  
  38  3:54  SCV  
  38  3:55  SCV  
  42  4:01  Barracks  
  42  4:02  Factory Tech Lab  
  42  4:06  SCV  
  42  4:07  SCV  
  44  4:12  Marine  
  44  4:13  Marine  
  44  4:14  Supply Depot  
  46  4:18  SCV  
  46  4:19  SCV  
  46  4:24  Banshee  
  51  4:30  SCV  
  52  4:31  SCV  
  52  4:32  Marine  
  52  4:35  Marine  
  52  4:36  Supply Depot  
  55  4:41  Engineering Bay  
  55  4:44  SCV x2, Refinery  
  57  4:46  Marine  
  57  4:50  Stimpack  
  58  4:56  SCV x2  
  60  5:04  Marine x2  
  60  5:05  Supply Depot  
  61  5:12  Factory Reactor, Terran Infantry Weapons Level 1  
  61  5:13  SCV x2  
  63  5:17  Refinery, Marine x2  
  63  5:18  Combat Shield, Starport Reactor  
  65  5:24  Marine x2  
  65  5:27  Supply Depot, SCV x2  
  73  5:35  Marauder x2  
  73  5:42  Marine x2  
  74  5:44  SCV x2, Supply Depot  
  76  6:00  Medivac x2, Marine x2  
  86  6:04  Marauder x2  
  86  6:08  Widow Mine x2  
  90  6:12  SCV x2  
  90  6:14  Supply Depot  
  90  6:15  Supply Depot  
  90  6:17  Marine x2  
  94  6:35  Medivac x2  
  94  6:36  Concussive Shells, Marauder x2, Marine x2  
  104  6:40  Supply Depot  
  104  6:41  Supply Depot  
  102  6:54  Marine x2  
  102  6:57  Marauder x2  
  102  6:58  Missile Turret  
  72  7:11  Widow Mine  
  72  7:12  Marine x2  
  66  7:19  Marauder x2  
  53  7:30  Marine  
Tags
 
Add a new tag
Caveats
  • Supply blocks, unpowered buildings, or Contaminate may cause inaccurate times.
  • Supply counts are checked every 10 seconds.